 Dungeon Crawl Stone Soup version 0.24.0-13-gcf9b319 (webtiles) character file.

Game seed: 12920926684079679593, levelgen mode: deterministic

225 Birdy the Bolt Thrower (level 5, -5/45 HPs)
             Began as a Draconian Hunter on Dec 8, 2019.
             Slain by an ogre
             ... wielding a +0 giant club
              (25 damage)
             ... on level 4 of the Dungeon.
             The game lasted 00:09:45 (3241 turns).

Birdy the Bolt Thrower (Draconian Hunter)           Turns: 3241, Time: 00:09:45

Health: -5/45      AC:  5    Str: 14 (15) XL:     5   Next: 68%
Magic:  5/5        EV: 17    Int: 12      God:
Gold:   162        SH:  0    Dex: 13      Spells: 4/4 levels left

rFire    . . .     SeeInvis .     - Unarmed
rCold    . . .     Gourm    .   (no shield)
rNeg     . . .     Faith    .   (armour unavailable)
rPois    .         Spirit   .   (helmet restricted)
rElec    .         Reflect  .   (no cloak)
rCorr    .         Harm     .   (no gloves)
MR       .....                  (no boots)
Stlth    +.........             (no amulet)
HPRegen  0.15/turn              e - +4 ring of evasion
MPRegen  0.09/turn              (no ring)

@: no status effects
A: unfitting armour, hooves 1, agile 1, cold-blooded, subdued magic 1,
MP-powered wands, AC +5
a: no special abilities


You were on level 4 of the Dungeon.
You were not hungry.

You visited 1 branch of the dungeon, and saw 5 of its levels.

You collected 162 gold pieces.

Inventory:

Hand Weapons
 a - a +1 hand crossbow
Missiles
 c - 3 bolts
Jewellery
 e - a +4 ring of evasion (left hand)
Scrolls
 f - 4 scrolls of teleportation
 g - 4 scrolls of identify
 h - a scroll of magic mapping
 i - a scroll of fog
Potions
 b - a potion of flight
Comestibles
 d - 7 rations


   Skills:
 + Level 3.2 Fighting
 * Level 4.7 Crossbows
 + Level 2.7 Dodging
 - Level 0.8 Stealth
 * Level 3.0 Unarmed Combat


You had 4 spell levels left.
You didn't know any spells.
Your spell library was empty.

Dungeon Overview and Level Annotations

Branches:
Dungeon (5/15)
 Temple: D:4-7

Altars:
Cheibriados
Elyvilon
Hepliaklqana
Makhleb


Innate Abilities, Weirdness & Mutations

Your plain brown scales are hard. (AC +5)
You cannot fit into any form of body armour.
You are cold-blooded and may be slowed by cold attacks.
You have large cloven feet.
You are agile. (Dex +2)
Your spells are a little easier to cast, but a little less powerful.
You expend magic power (3 MP) to strengthen your wands.


Message History

You hit the ogre. You kick the ogre.
The ogre is severely wounded.
The ogre hits you with a +0 giant club!!
You barely miss the ogre.
The ogre is severely wounded.
The ogre closely misses you.
You hit the ogre but do no damage.
The ogre is severely wounded.
You barely miss the ogre. You tail-slap the ogre.
The ogre is severely wounded.
The ogre barely misses you.
You hit the ogre.
Your tail-slap misses the ogre.
The ogre is severely wounded.
The ogre misses you.
You hit the ogre but do no damage. Your kick misses the ogre.
You tail-slap the ogre.
The ogre is almost dead.
The ogre hits you with a +0 giant club!!
Ouch! That really hurt!
You die...

,,,* **,***.....,,,*,* ,,,****,**
**....,,,,,** ,,,,**,**
*#...,,,,,,***** ** *,,,,,>*
#...,,,,,,,,,,* **, *,,,**,**
##...,*###,***,* **,* *******.**
##...'##≈≈###≈*,***,*, ,,*
*#.###..#.#s≈≈≈≈≈+∩*,**,*,, *,*
**.....#.#Or≈≈≈≈+≈*,,,*,,, *,*
**#...#.@##≈≈###≈*,*,*,≈≈ ,,*
#...##..####.***,*,*≈,, ,,*
#.............,,,*,*≈,_ .,**
#...#####.....,,,,,*≈,,
..,########...#####.....,,*,,*,≈≈
.#.#....................,,,,,*,,,
....<...............,...,,*,,,*,,
##(#........†.......,...,,*,,,,*,
....#######...#####.,******,,,,,*


You could see an ogre, a river rat and a giant cockroach.

Vanquished Creatures
  A hound (D:5)
  An iguana (D:5)
  A worker ant (D:5)
  Robin (D:2)
  3 adders
  An ooze (D:3)
  A worm (D:2)
  4 dart slugs
  A leopard gecko (D:4)
  4 orcs
  3 giant cockroaches
  13 goblins
  13 hobgoblins
  4 jackals (D:1)
  7 kobolds
  2 quokkas
  3 ball pythons
  11 bats
  7 frilled lizards
  7 rats
88 creatures vanquished.

Notes
Turn   | Place    | Note
-------+----------+-------------------------------------------
     0 | D:1      | Birdy the Draconian Hunter began the quest for the Orb.
     0 | D:1      | Reached XP level 1. HP: 17/17 MP: 1/1
   280 | D:1      | Reached XP level 2. HP: 24/24 MP: 2/2
   444 | D:1      | Reached skill level 1 in Unarmed Combat
   681 | D:1      | Gained mutation: You are dopey. (Int -2) [potion of
                  | mutation]
   681 | D:1      | Gained mutation: You are agile. (Dex +2) [potion of
                  | mutation]
   681 | D:1      | Gained mutation: Your muscles are strong. (Str +2) [potion
                  | of mutation]
   682 | D:1      | Lost mutation: You are dopey. (Int -2) [potion of mutation]
   682 | D:1      | Lost mutation: Your muscles are strong. (Str +2) [potion of
                  | mutation]
   682 | D:1      | Gained mutation: You expend magic power (3 MP) to
                  | strengthen your wands. [potion of mutation]
   682 | D:1      | Gained mutation: Your spells are a little easier to cast,
                  | but a little less powerful. [potion of mutation]
   682 | D:1      | Gained mutation: You have large cloven feet. [potion of
                  | mutation]
   974 | D:2      | Reached XP level 3. HP: 30/30 MP: 3/3
  1013 | D:2      | Reached skill level 4 in Crossbows
  1137 | D:2      | Noticed Robin
  1199 | D:2      | Killed Robin
  1199 | D:2      | Reached XP level 4. HP: 36/37 MP: 4/4
  1840 | D:3      | Found a white marble altar of Elyvilon.
  1877 | D:3      | Noticed an ogre
  1890 | D:3      | Found a hazy altar of Hepliaklqana.
  2568 | D:3      | Reached XP level 5. HP: 34/45 MP: 5/5
  2934 | D:4      | Found a snail-covered altar of Cheibriados.
  2934 | D:4      | Found a burning altar of Makhleb.
  2945 | D:5      | Entered Level 5 of the Dungeon
  3230 | D:4      | Noticed an ogre
  3241 | D:4      | Slain by an ogre

Levels and vault maps discovered:
D:1:      matt_arrival_refuge, layout_loops_corners
D:2:      layout_basic, uniq_robin
D:3:      layout_loops_corners, lemuel_doored_altar, marbit_many_paths
D:4:      layout_loops_cross, nicolae_ru_awakened_eye,
          ashenzari_conservatory_becter, nicolae_overflow_hidden_temple,
          gup_sewer_entry_bowl
D:5:      layout_basic, led_sif_pool, minmay_temple_entry_offerings,
          first_ration, serial_bayou_pond_a

Skill      XL: |  1  2  3  4  5 |
---------------+----------------+-----
Unarmed Combat | 1 2 3 |  3.0
Dodging        | 2 |  2.7
Crossbows      | 4 |  4.7
Fighting       | 3 |  3.2
Stealth        | |  0.8

Action                   |  1- 3 |  4- 6 || total
-------------------------+-------+-------++-------
Melee: Short sword       |    51 |       ||    51
       Kick              |     6 |    22 ||    28
       Unarmed           |    11 |   109 ||   120
       Tailslap          |     3 |    15 ||    18
       Punch             |       |     1 ||     1
 Fire: Hand crossbow     |    67 |    48 ||   115
  Use: Scroll            |     5 |     4 ||     9
       Potion            |     5 |     1 ||     6
  Eat: Chunk             |       |     4 ||     4
       Ration            |       |     1 ||     1
Armor: Skin              |    29 |    16 ||    45
Dodge: Dodged            |    79 |    85 ||   164
